 Dungeon Crawl Stone Soup version 0.21.0-3-g78d12a8 (webtiles) character file.

8 tidbits the Sneak (level 2, -3/18 HPs)
             Began as an Octopode Air Elementalist on Jan 9, 2018.
             Slain by Natasha (6 damage)
             ... on level 3 of the Dungeon.
             The game lasted 00:01:42 (229 turns).

tidbits the Sneak (Octopode Air Elementalist)        Turns: 229, Time: 00:01:43

Health: -3/18      AC:  1    Str:  7    XL:     2   Next: 8%
Magic:  5/5        EV: 13    Int: 17    God:
Gold:   13         SH:  0    Dex: 12    Spells: 2/5 levels left

rFire    . . .     SeeInvis .   a - +0 dagger
rCold    . . .     Gourm    .   (no shield)
rNeg     . . .     Faith    .   (helmet restricted)
rPois    .         Spirit   .   (no amulet)
rElec    .         Reflect  .   e - ring of protection from magic
rCorr    .         Harm     .   (no ring)
MR       +....                  (no ring)
Stlth    +++.......             (no ring)
HPRegen  0.06/turn              (no ring)
MPRegen  0.09/turn              (no ring)
                                (no ring)
                                (no ring)

@: flying
A: almost no armour, stealthy swim, amphibious, 8 rings, constrict 8, camouflage
1, gelatinous body 1
a: no special abilities


You were on level 3 of the Dungeon.
You were not hungry.

You visited 1 branch of the dungeon, and saw 3 of its levels.

You collected 13 gold pieces.

Inventory:

Hand Weapons
 a - a +0 dagger (weapon)
Jewellery
 e - a ring of protection from magic (left tentacle)
   (You found it on level 3 of the Dungeon)
Books
 d - a book of Air

   Spells                             Type                      Level
   a - Shock                          Conjuration/Air              1
   b - Swiftness                      Charms/Air                   2
   c - Static Discharge               Conjuration/Air              3
   d - Airstrike                      Air                          4
   e - Lightning Bolt                 Conjuration/Air              5
Comestibles
 b - 5 rations


   Skills:
 + Level 0.7 Fighting
 - Level 2.0 Dodging
 + Level 3.3 Stealth
 - Level 0.4 Unarmed Combat
 - Level 2.0 Spellcasting
 - Level 1.0 Conjurations
 - Level 3.0 Air Magic


You had 2 spell levels left.
You knew the following spells:

 Your Spells              Type           Power        Failure   Level  Hunger
z - Shock                 Conj/Air       #...         9%          1    #......
W - Swiftness             Chrm/Air       #.......     16%         2    ###....


Dungeon Overview and Level Annotations

Branches:
Dungeon (3/15)

Altars:

Annotations:
D:2 Terence
D:3 Natasha


Innate Abilities, Weirdness & Mutations

You cannot wear most types of armour.
You are very stealthy in the water. (Stealth+)
You are amphibious.
You can wear up to eight rings at the same time.
You can use your tentacles to constrict eight enemies at once.
Your skin changes colour to match your surroundings (Stealth+).
Your rubbery body absorbs attacks. (AC +1, EV +1)


Message History

You hit the worm.
The worm is almost dead.
You constrict the worm.
You kill the worm!
Your Stealth skill increases to level 3!
c - a pink potion Wield which item (- for none, * to show all)? (? for menu, Esc to quit)
c - a pink potion (in tentacle)
You swing at nothing.
You swing at nothing.
You swing at nothing.
You swing at nothing.
You swing at nothing.
You swing at nothing.
You swing at nothing.
You swing at nothing.
You swing at nothing.
You swing at nothing.
You swing at nothing.
You swing at nothing.
You swing at nothing.
You swing at nothing.
You swing at nothing.
You swing at nothing.
You swing at nothing.
You swing at nothing.
You swing at nothing.
You swing at nothing.
You swing at nothing.
You swing at nothing.
You swing at nothing.
You swing at nothing.
You swing at nothing.
You swing at nothing.
You swing at nothing.
You swing at nothing.
You swing at nothing.
You swing at nothing.
Wield which item (- for none, * to show all)? (? for menu, Esc to quit)
That's the wrong kind of item! (Use * to select it.) Wield which item (- for none, * to show all)? (? for menu, Esc to quit)
You don't have any such object.
Wield which item (- for none, * to show all)? (? for menu, Esc to quit)
Okay, then.
Adjust (i)tems, (s)pells, or (a)bilities?
Adjust which item? (? for menu, Esc to quit)
d - a +0 dagger Adjust to which letter? (? for menu, Esc to quit)
a - a +0 dagger;
d - a book of Air Wield which item (- for none, * to show all)? (? for menu, Esc to quit)
a - a +0 dagger (weapon)
A ball python comes into view.
Found a spear.
The helpless ball python fails to defend itself.
You puncture the ball python!
You kill the ball python!
You have reached level 2!
Memorise Swiftness, consuming 2 spell levels and leaving 2?
You start memorising the spell.
You continue memorising. x2
You finish memorising.
Spell assigned to 'W'.
Found a stone staircase leading up.
You see here a spear.
There is a stone staircase leading up here.
A goblin comes into view. It is wielding a club.
Found a ration.
Found a stone staircase leading down.
Found an emerald ring.
b - 5 rations (gained 1)
e - an emerald ring Put on which piece of jewellery? (? for menu, Esc to quit)
e - a ring of protection from magic (left tentacle)
There is a stone staircase leading down here.
You found a shaft!
A bat comes into view.
There is a shaft here.
A worm comes into view.
The helpless bat fails to defend itself.
You puncture the bat!
You kill the bat!
Natasha, Servant of Life and Death comes into view.
You see here a bat corpse.
You hit Natasha. You grab Natasha.
Natasha is lightly wounded.
You constrict Natasha, but do no damage.
Natasha barely misses you.
It was a potion of flight.
You feel very buoyant.
You fly up into the air.
You constrict Natasha. Natasha barely misses you.
You hit Natasha.
Natasha is heavily wounded.
You constrict Natasha.
Natasha drinks a potion.
Natasha is healed!
You hit Natasha but do no damage. You squeeze Natasha!
Natasha is heavily wounded.
You constrict Natasha. Natasha claws you!
Ouch! That really hurt!
* * * LOW HITPOINT WARNING * * *
You hit Natasha.
Natasha is severely wounded.
You constrict Natasha. Natasha claws you.
You die...

# #.#.....# #### #..
#.>....## #
..#####.####.#### #
................####
##.#.##.............
#.#............####
. #.####......####
....##.####^.....#
.w....h@....##...#
..#.#.########...#
.. #...# ## ..#


You could see a worm (sleeping) and Natasha.

Vanquished Creatures
  A worm (D:3)
  A ball python (D:3)
  2 bats
  A giant cockroach (D:3)
5 creatures vanquished.

Notes
Turn   | Place    | Note
-------+----------+-------------------------------------------
     0 | D:1      | tidbits the Octopode Air Elementalist began the quest for the Orb.
     0 | D:1      | Reached XP level 1. HP: 11/11 MP: 3/3
    70 | D:2      | Noticed Terence
   114 | D:3      | Reached skill level 3 in Stealth
   160 | D:3      | Reached XP level 2. HP: 9/18 MP: 5/5
   164 | D:3      | Learned a level 2 spell: Swiftness
   224 | D:3      | Noticed Natasha
   229 | D:3      | Slain by Natasha

Skill      XL: |  1 |
---------------+----+-----
Stealth        | 3 |  3.3
Fighting       | |  0.7
Dodging        | |  2.0
Unarmed Combat | |  0.4
Spellcasting   | |  2.0
Conjurations   | |  1.0
Air Magic      | |  3.0

Action                   || total
-------------------------++-------
Melee: Dagger            ||    14
       Unarmed           ||     7
       Constrict         ||     3
       Tentacles         ||     3
  Use: Scroll            ||     1
       Potion            ||     1
 Stab: Sleeping          ||     4
Armor: Skin              ||     1
Dodge: Dodged            ||    13

Table legend:
 A = Turns spent in this place as a percentage of turns spent in the entire game.
 B = Non-inter-level travel turns spent in this place as a percentage of non-inter-level travel turns spent in the entire game.
 C = Inter-level travel turns spent in this place as a percentage of turns spent in this place.
 D = Turns resting spent in this place as a percentage of non-inter-level travel turns spent in this place.
 E = Turns spent auto-exploring this place as a percentage of non-inter-level travel turns spent in this place.
 F = Non-inter-level travel turns spent in this place divided by the number of levels of this place that you've seen.
                   A       B       C       D       E      F
               +-------+-------+-------+-------+-------+----------------------
         Total | 100.0 | 100.0 |   0.0 |   0.0 |   0.0 |  76.3
       Dungeon | 100.0 | 100.0 |   0.0 |   0.0 |   0.0 |  76.3
               +-------+-------+-------+-------+-------+----------------------

Table legend:
 A = Kills in this place as a percentage of kills in entire the game.
 B = Kills by you in this place as a percentage of kills by you in the entire game.
 C = Kills by friends in this place as a percentage of kills by friends in the entire game.
 D = Other kills in this place as a percentage of other kills in the entire game.
 E = Experience gained in this place as a percentage of experience gained in the entire game.
 F = Experience gained in this place divided by the number of levels of this place that you have seen.
                   A       B       C       D       E      F
               +-------+-------+-------+-------+-------+----------------------
         Total | 100.0 | 100.0 |   N/A |   N/A | 100.0 |   4.0
       Dungeon | 100.0 | 100.0 |   N/A |   N/A | 100.0 |   4.0
               +-------+-------+-------+-------+-------+----------------------

Vault maps used:
D:1:      lemuel_arrival_hallway
D:2:      old_standard_altar, uniq_terence
D:3:      trog_eyes_of_draining, uniq_ijyb, uniq_natasha, uniq_purgy,
          uniq_jessica
